 Dungeon Crawl Stone Soup version 0.25.1-2-g60ff931df9 (webtiles) character file.

Game seed: 2406749726784286911

28 Chiseanne the Magician (level 3, 24/24 HPs)
             Began as a Demonspawn Wizard on Oct 8, 2020.
             Quit the game on level 1 of the Dungeon.
             The game lasted 00:01:22 (1750 turns).

Chiseanne the Magician (Demonspawn Wizard)          Turns: 1750, Time: 00:01:22

Health: 24/24      AC:  2    Str:  7    XL:     3   Next: 0%
Magic:  6/8        EV: 12    Int: 20    God:
Gold:   63         SH:  0    Dex: 11    Spells: 8/9 levels left

rFire    . . .     SeeInvis .   c - +0 club
rCold    . . .     Gourm    .   (no shield)
rNeg     . . .     Faith    .   a - +0 robe
rPois    .         Spirit   .   b - +0 hat
rElec    .         Reflect  .   (no cloak)
rCorr    .         Harm     .   (no gloves)
MR       .....                  (no boots)
Stlth    ++........             (no amulet)
HPRegen  0.08/turn              (no ring)
MPRegen  0.11/turn              (no ring)

@: no status effects
A: horns 1, rot immunity
a: no special abilities


You were on level 1 of the Dungeon.
You were not hungry.

You visited 1 branch of the dungeon, and saw 1 of its levels.

You collected 63 gold pieces.

Inventory:

Hand Weapons
 c - a +0 club (weapon)
 l - a +0 hunting sling of flaming
Missiles
 g - 3 stones (quivered)
Armour
 a - a +0 robe (worn)
 b - a +0 hat (worn)
 j - quicksilver dragon scales
Jewellery
 e - a cursed -4 ring of intelligence {unknown}
 h - a cursed ring of teleportation {unknown}
Scrolls
 i - 4 scrolls of teleportation {unknown}
Potions
 f - a potion of invisibility {unknown}
 k - a potion of magic {unknown}
Comestibles
 d - 2 rations
 m - a chunk of flesh


   Skills:
 - Level 1.7 Dodging
 - Level 1.7 Stealth
 * Level 3.5 Spellcasting
 * Level 2.2 Conjurations
   Level 1.0 Summonings
   Level 0.8 Translocations


You had 8 spell levels left.
You knew the following spells:

 Your Spells              Type           Power        Failure   Level  Hunger
a - Magic Dart            Conj           ##..         5%          1    None

Your spell library contained the following spells:

 Spells                   Type           Power        Failure   Level  Hunger
 Blink                    Tloc           N/A          14%         2    ##.....
 Call Imp                 Summ           #.......     14%         2    ##.....
 Slow                     Hex            #.......     21%         2    ##.....
 Conjure Flame            Conj/Fire      #.......     26%         3    ###....
 Mephitic Cloud           Conj/Pois/Air  #.......     30%         3    ###....


Dungeon Overview and Level Annotations

Branches:
Dungeon (1/15)

Altars:


Innate Abilities, Weirdness & Mutations

You have a pair of small horns on your head.
You are immune to rotting.


Message History

Okay, then.
You see here a hobgoblin corpse.
You butcher the hobgoblin corpse.
m - a chunk of flesh You see here a hobgoblin skeleton.
You now have 63 gold pieces (gained 3).
A goblin comes into view. It is wielding a +0 club.
Casting: Magic Dart (safe; 6% risk of failure)
Confirm with . or Enter, or press ? or * to list all spells.
Aiming: Magic Dart (safe; 6% risk of failure)
Press: ? - help, Shift-Dir - straight line, f - goblin
Aim: a goblin, wielding a +0 club (asleep)
The magic dart hits the goblin.
You kill the goblin!
You have reached level 3!
Your experience leads to an increase in your attributes!
Increase (s)trength, (i)ntelligence, or (d)exterity?
You feel clever.
Your demonic ancestry asserts itself...
A pair of horns grows on your head!
Are you sure you want to abandon this character and quit the game? (Confirm with "yes".)

##.###
.....#
##.#.#
...#.#
...#.#
...#.#
.....#
#########
##.###
.)......#
##.# #@#
##.# #.#
##.#
#####.#
.#.#
#...#.#
.#.#
#.#.#.#
.#.#
#.#.#.#.#
...#
#.#.#.#.#
#..#
#.#.#.#.#
#..#
#.#.#.#.#


There were no monsters in sight!

Vanquished Creatures
  An ooze (D:1)
  A dart slug (D:1)
  2 giant cockroaches (D:1)
  2 goblins (D:1)
  6 hobgoblins (D:1)
  2 kobolds (D:1)
  2 bats (D:1)
  A frilled lizard (D:1)
  2 rats (D:1)
19 creatures vanquished.

Notes
Turn   | Place    | Note
-------+----------+-------------------------------------------
     0 | D:1      | Chiseanne the Demonspawn Wizard began the quest for the
                  | Orb.
     0 | D:1      | Reached XP level 1. HP: 13/13 MP: 4/4
   516 | D:1      | Gained mutation: You are immune to rotting. [demonic
                  | ancestry]
   516 | D:1      | Reached XP level 2. HP: 18/19 MP: 0/6
  1749 | D:1      | Gained mutation: You have a pair of small horns on your
                  | head. [demonic ancestry]
  1749 | D:1      | Reached XP level 3. HP: 24/24 MP: 6/8
  1750 | D:1      | Quit the game

Illustrated notes

Levels and vault maps discovered:
D:1:      saegor_arrival_simple_d, layout_basic, serial_forest,
          infiniplex_forest_3_way, infiniplex_forest_straight_5,
          infiniplex_forest_clump_medium, infiniplex_forest_lined_3_way,
          infiniplex_forest_lined_4_way, infiniplex_forest_lined_2,
          infiniplex_forest_corner_1

Skill      XL: |  1  2 |
---------------+-------+-----
Conjurations   | 2 |  2.2
Dodging        | |  1.7
Stealth        | |  1.7
Spellcasting   | |  3.5
Summonings     | |  1.0
Translocations | |  0.8

Action                   || total
-------------------------++-------
Melee: Club              ||    18
       Unarmed           ||     7
 Cast: Magic Dart        ||    56
  Eat: Chunk             ||     2
Armor: Robe              ||     7
Dodge: Dodged            ||    23
